 Dungeon Sprint DCSS version 0.24-a0-528-g98e85ec (webtiles) character file.

Game seed: 15123303624209476997

2172 silentkaos13 the Grappler (level 9, -12/150 HPs)
             Began as a Troll Berserker on Aug 6, 2019.
             Was an Elder of Trog.
             Mangled by a centaur warrior (14 damage)
             ... in the Dungeon (Sprint I: "Red Sonja").
             The game lasted 00:03:42 (774 turns).

silentkaos13 the Grappler (Troll Berserker)          Turns: 774, Time: 00:03:44

Health: -12/150    AC:  7    Str: 32    XL:     9   Next: 11%
Magic:  8/8        EV: 15    Int:  3    God:    Trog [****..]
Gold:   553        SH:  0    Dex: 12    Spells: 8/8 levels left

rFire    . . .     SeeInvis .     - Unarmed
rCold    . . .     Gourm    +   (no shield)
rNeg     . . .     Faith    .   a - +1 animal skin
rPois    .         Spirit   .   (helmet restricted)
rElec    .         Reflect  .   (no cloak)
rCorr    .         Harm     .   (gloves unavailable)
MR       .....     NoTele   +   (boots unavailable)
Stlth    ..........             (no amulet)
HPRegen  0.75/turn              (no ring)
MPRegen  0.11/turn              (no ring)

@: berserking, very quick
A: large, unfitting armour, claws 3, fast metabolism 3, gourmand, regeneration
1, shaggy fur 1, tough skin 3
a: Berserk, Trog's Hand, Brothers in Arms, Renounce Religion


You were in the Dungeon.
You worshipped Trog.
Trog was greatly pleased with you.
You were not hungry.

You visited 1 branch You collected 635 gold pieces.
You spent 82 gold pieces at shops.

Inventory:

Armour
 a - a +1 animal skin (worn)
Scrolls
 h - a scroll of blinking
Potions
 c - 2 potions of curing
 f - 2 potions of magic
 g - a potion of berserk rage
 i - a potion of lignification {unknown}
Comestibles
 b - 3 rations


   Skills:
 + Level 9.6 Fighting
 + Level 9.8 Dodging
 + Level 13.5 Unarmed Combat


You had 8 spell levels left.
You didn't know any spells.
Your spell library was empty.

Dungeon Overview and Level Annotations

Branches:
Dungeon (1/1)

Altars:
Cheibriados
Dithmenos
Elyvilon
Fedhas
Gozag
Hepliaklqana
Kikubaaqudgha
Makhleb
Nemelex Xobeh
Okawaru
Qazlal
Ru
Sif Muna
Trog
Uskayaw
Vehumet
Wu Jian
Xom
Yredelemnul
Zin
The Shining One
Jiyva
Lugonu

Shops:
D ?%[


Innate Abilities, Weirdness & Mutations

You are too large for most types of armour.
You have claws for hands.
Your metabolism is lightning-fast.
You like to eat raw meat.
Your natural rate of healing is unusually fast.
You are covered in fur. (AC +1)
You have extremely tough skin. (AC +3)


Message History

The centaur warrior hits you!
* * * LOW HITPOINT WARNING * * *
You feel much better.
The centaur warrior hits you but does no damage.
The centaur warrior closely misses you.
The centaur warrior hits you but does no damage.
You closely miss the centaur warrior.
The centaur warrior is severely wounded.
The centaur warrior hits you!
* * * LOW HITPOINT WARNING * * *
The centaur warrior hits you!
* * * LOW HITPOINT WARNING * * *
A red film seems to cover your vision as you go berserk!
You feel yourself moving faster!
You feel mighty!
You feel quite a bit more hungry. The centaur warrior hits you.
* * * LOW HITPOINT WARNING * * *
The centaur warrior hits you!
* * * LOW HITPOINT WARNING * * *
The centaur warrior hits you!
You die...

#######################
#..').#..'..#__#..')..#
'[.#..').#..'..'..#)..#
#####'#####'#__####...+
####..#...#[####§!#####
#__####..##[#≈≈§§§#
#_____##'#_.+§≈§c§+
#_.∩...'.(._#§§§@c#
#_..__##_(#'##§####
#_____###'#.#(§.)###
#########.####'###(##
.......'...'.....'|∩#
++++####..(##########
##.## #+#


You could see 2 centaur warriors.

Vanquished Creatures
  A deep troll (D)
  2 kobold demonologists (D)
  A slime creature (D)
  Sigmund (D)
  A yak (D)
  A floating eye (D)
  An ogre (D)
  A jelly (D)
  Ijyb (D)
10 creatures vanquished.

Vanquished Creatures (others)
  Sonja (D)
1 creature vanquished.

Grand Total: 11 creatures vanquished

Notes
Turn   | Place    | Note
-------+----------+-------------------------------------------
     0 | D        | silentkaos13 the Troll Berserker began the quest for the
                  | Orb.
     0 | D        | Reached XP level 1. HP: 22/22 MP: 0/0
     1 | D        | Noticed Ijyb
    12 | D        | Killed Ijyb
    12 | D        | Reached skill level 4 in Unarmed Combat
    12 | D        | Reached XP level 2. HP: 25/32 MP: 1/1
    26 | D        | Noticed an ogre
    33 | D        | Killed an ogre
    33 | D        | Reached skill level 5 in Fighting
    33 | D        | Reached skill level 6 in Unarmed Combat
    33 | D        | Reached XP level 3. HP: 4/42 MP: 2/2
    33 | D        | Reached XP level 4. HP: 5/50 MP: 3/3
   228 | D        | Noticed Sigmund
   233 | D        | Killed Sigmund
   233 | D        | Reached ** piety under Trog
   233 | D        | Reached skill level 8 in Unarmed Combat
   233 | D        | Reached XP level 5. HP: 43/61 MP: 4/4
   274 | D        | Found an ornate altar of the Wu Jian Council.
   274 | D        | Found a deep blue altar of Sif Muna.
   276 | D        | Found a radiant altar of Vehumet.
   281 | D        | Reached XP level 6. HP: 68/68 MP: 5/5
   308 | D        | Found Gaeriq's Food Emporium.
   308 | D        | Found an ancient bone altar of Kikubaaqudgha.
   308 | D        | Found a hazy altar of Hepliaklqana.
   308 | D        | Found a stormy altar of Qazlal.
   308 | D        | Found a hide-covered altar of Uskayaw.
   308 | D        | Found a blossoming altar of Fedhas.
   308 | D        | Found a bloodstained altar of Trog.
   308 | D        | Found an iron altar of Okawaru.
   308 | D        | Found a basalt altar of Yredelemnul.
   308 | D        | Found a glowing golden altar of the Shining One.
   308 | D        | Found a snail-covered altar of Cheibriados.
   308 | D        | Found a sacrificial altar of Ru.
   308 | D        | Found a glowing silver altar of Zin.
   308 | D        | Found a shadowy altar of Dithmenos.
   308 | D        | Found a white marble altar of Elyvilon.
   308 | D        | Noticed a yak
   309 | D        | Found an opulent altar of Gozag.
   313 | D        | Killed a yak
   313 | D        | Reached skill level 9 in Unarmed Combat
   314 | D        | Found a sparkling altar of Nemelex Xobeh.
   385 | D        | Found a viscous altar of Jiyva.
   385 | D        | Found a corrupted altar of Lugonu.
   385 | D        | Noticed a slime creature
   386 | D        | Found a burning altar of Makhleb.
   386 | D        | Found a shimmering altar of Xom.
   392 | D        | Killed a slime creature
   392 | D        | Reached *** piety under Trog
   392 | D        | Reached skill level 10 in Unarmed Combat
   392 | D        | Reached XP level 7. HP: 57/79 MP: 6/6
   439 | D        | Noticed a kobold demonologist
   439 | D        | Noticed a kobold demonologist
   440 | D        | Paralysed by a floating eye for 4 turns
   450 | D        | Noticed an orange demon
   454 | D        | Killed a kobold demonologist
   454 | D        | Reached skill level 11 in Unarmed Combat
   454 | D        | Reached XP level 8. HP: 89/89 MP: 7/7
   460 | D        | Killed a kobold demonologist
   460 | D        | Reached **** piety under Trog
   460 | D        | Reached skill level 12 in Unarmed Combat
   519 | D        | Noticed Sonja
   558 | D        | Killed Sonja
   669 | D        | Found Aleps's Magic Scroll Boutique.
   689 | D        | Noticed a deep troll
   694 | D        | Killed a deep troll
   694 | D        | Reached skill level 13 in Unarmed Combat
   694 | D        | Reached XP level 9. HP: 100/100 MP: 8/8
   705 | D        | Found Giteolyxo's Armour Emporium.
   741 | D        | Bought a scroll of enchant armour for 82 gold pieces
   764 | D        | Noticed a centaur warrior
   764 | D        | Noticed a centaur warrior
   774 | D        | HP: 2/150 [centaur warrior (10)]
   774 | D        | Mangled by a centaur warrior

Levels and vault maps discovered:
D:        dungeon_sprint_1 [red_sonja_temple_1, red_sonja_temple_small_1]

Skill      XL: |  1  2  3  4  5  6  7  8 |
---------------+-------------------------+-----
Fighting       | 3 5 6 7 8 9 |  9.6
Dodging        | 3 4 6 7 8 9 |  9.8
Unarmed Combat | 4 6 8 10 11 13 | 13.5

Action                   |  1- 3 |  4- 6 |  7- 9 || total
-------------------------+-------+-------+-------++-------
Melee: Unarmed           |    16 |    18 |    30 ||    64
       Punch             |       |       |     2 ||     2
Invok: Berserk           |       |       |     3 ||     3
  Use: Potion            |       |       |     2 ||     2
       Scroll            |       |       |     1 ||     1
  Eat: Chunk             |       |     6 |       ||     6
Armor: Animal skin       |     4 |     3 |    15 ||    22
Dodge: Dodged            |     3 |     3 |    23 ||    29

Table legend:
 A = Non-vault XP
 B = Vault XP
 C = Vault XP percentage of total XP
 D = Non-vault monster count
 E = Vault monster count
 F = Vault count percentage of total count
                 A         B        C        D         E       F
            +---------+---------+-------+---------+---------+-------
      Total |       0 |    3104 | 100.0 |       0 |      11 | 100.0
            +---------+---------+-------+---------+---------+-------
          D |       0 |    3104 | 100.0 |       0 |      11 | 100.0
            +---------+---------+-------+---------+---------+-------
